 Dungeon Crawl Stone Soup version 0.17-a0-1497-g03599f7 (webtiles) character file.

136 urechis the Twirler (level 5, 0/30 HPs)
             Began as a Tengu Gladiator on July 6, 2015.
             Slain by a hound (2 damage)
             ... on level 4 of the Dungeon.
             The game lasted 00:03:31 (2098 turns).

urechis the Twirler (Tengu Gladiator)               Turns: 2098, Time: 00:03:31

Health: 0/30       AC:  3    Str: 15    XL:     5   Next: 19%
Magic:  6/6        EV: 13    Int: 14    God:
Gold:   225        SH:  0    Dex: 15    Spells: 0 memorised, 4 levels left

rFire  . . .     SeeInvis .     a - +0 quarterstaff
rCold  . . .     Clarity  .     b - +0 leather armour
rNeg   . . .     SustAt   .     (no shield)
rPois  .         Gourm    .     c - +0 hat
rElec  .         Spirit   .     (no cloak)
rCorr  .         Warding  .     (no gloves)
rMut   .         Stasis   .     (boots unavailable)
MR     .....                    (no amulet)
Stlth  +.........               (no ring)
                                f - +5 ring of intelligence (curse)

@: not resistant to hostile enchantments, very unstealthy
A: beak, talons 3, able to fly 1
a: Fly


You were on level 4 of the Dungeon.
You were not hungry.

You visited 1 branch of the dungeon, and saw 4 of its levels.

You collected 225 gold pieces.

Inventory:

Hand weapons
 a - a +0 quarterstaff (weapon)
Missiles
 d - 3 throwing nets (quivered)
 k - 11 poisoned needles
Armour
 b - a +0 leather armour (worn)
 c - a +0 hat (worn)
Jewellery
 f - a cursed +5 ring of intelligence (left hand)
Scrolls
 h - 4 scrolls of identify {unknown}
 i - 2 scrolls of magic mapping {unknown}
 n - 2 scrolls of random uselessness {unknown}
 o - 3 scrolls of remove curse {unknown}
 r - a scroll of teleportation {unknown}
Potions
 g - 2 potions of ambrosia {unknown}
 l - a potion of agility {unknown}
 m - 3 potions of degeneration {unknown}
 q - a potion of beneficial mutation {unknown}
 t - a potion of cure mutation {unknown}
Books
 s - a book of the Dragon

   Spells                             Type                      Level
   a - Flame Tongue                   Conjuration/Fire             1
   b - Cause Fear                     Hexes                        4
   c - Bolt of Fire                   Conjuration/Fire             6
   d - Dragon Form                    Transmutation                7
   e - Dragon's Call                  Summoning                    9
Comestibles
 e - 4 bread rations
 j - a meat ration
 p - a beef jerky


   Skills:
 - Level 2.0 Fighting
 + Level 6.3 Staves
 - Level 2.1 Throwing
 - Level 3.2 Dodging


You had 4 spell levels left.
You didn't know any spells.

Dungeon Overview and Level Annotations

Branches:
Dungeon (4/15)
 Temple: D:4-7

Altars:
Fedhas


Innate Abilities, Weirdness & Mutations

You have a beak for a mouth.
You have claws for feet.
You can fly.


Message History

The hound bites you. The goblin closely misses you.
You miss the hound.
The hound is almost dead.
The hound barely misses you.
The goblin hits you with an uncursed dagger.
* * * LOW HITPOINT WARNING * * *
The hound bites you but does no damage.
There are monsters nearby!
You closely miss the hound. Your kick misses the hound.
Your peck misses the hound.
The hound is almost dead.
The hound barely misses you. The goblin closely misses you.
You miss the hound.
The hound is almost dead.
The hound bites you.
* * * LOW HITPOINT WARNING * * *
The goblin hits you but does no damage.
The hound pauses to sniff the ground.
The hound bites you.
You die...

#.....)...######
#.....)...#
#.........#
#.........#
#.##.##.### # #.
#.########
#.##........#
#.#.........#
#.@(......#
#.lh......#
##.g......#
#.........#
#......####
#.##..... #.
...... ..
....... <..
.......


You could see a hound, a goblin and a giant newt.

Vanquished Creatures
  Natasha (thrice) (D:2)
  Robin (D:2)
  An adder (D:2)
  2 oozes
  3 worms
  2 giant geckos
  An orc (D:3)
  6 bats
  A giant cockroach (D:1)
  6 hobgoblins
  A quokka (D:3)
  A ball python (D:3)
  5 giant newts
  16 goblins
  3 jackals (D:4)
  6 kobolds
  6 rats
64 creatures vanquished.

Notes
Turn   | Place    | Note
--------------------------------------------------------------
     0 | D:1      | urechis the Tengu Gladiator began the quest for the Orb.
     0 | D:1      | Reached XP level 1. HP: 12/12 MP: 2/2
   124 | D:1      | Reached XP level 2. HP: 9/17 MP: 3/3
   347 | D:1      | Reached skill level 4 in Staves
   717 | D:2      | Reached XP level 3. HP: 21/21 MP: 4/4
   888 | D:2      | Noticed Robin
  1003 | D:2      | Reached skill level 5 in Staves
  1006 | D:2      | Killed Robin
  1006 | D:2      | Reached XP level 4. HP: 19/26 MP: 5/5
  1047 | D:2      | Noticed Natasha
  1051 | D:2      | Killed Natasha
  1073 | D:2      | Noticed Natasha
  1078 | D:2      | Killed Natasha
  1173 | D:2      | Noticed Natasha
  1179 | D:2      | Killed Natasha
  1430 | D:3      | Found a blossoming altar of Fedhas.
  1460 | D:3      | Reached skill level 6 in Staves
  1469 | D:3      | Gained mutation: You can fly. [Tengu growth]
  1469 | D:3      | Reached XP level 5. HP: 28/30 MP: 6/6
  2098 | D:4      | Slain by a hound

Vault maps used:
D:1:      minmay_arrival_wavy_path
D:2:      serial_glass, glass_columns_b, glass_columns_b, first_bread,
          kennysheep_cross_room, hangedman_abyss_or_decor_lesser_grid,
          uniq_natasha, uniq_robin
D:3:      fedhas_altar_1
D:4:      minmay_temple_entry_purple_smoke

Action                   |  1- 3 |  4- 6 || total
-------------------------+-------+-------++-------
Melee: Quarterstaff      |    82 |    69 ||   151
  Eat: Chunk             |       |     2 ||     2
       Bread ration      |       |     1 ||     1
